 Dungeon Crawl Stone Soup version 0.26-a0-611-g354ed81 (webtiles) character file.

Game seed: 4297028037263484097

256 pkoi the Ruffian (level 5, 0/45 HPs)
             Began as a Draconian Monk on Sept 6, 2020.
             Slain by a bullfrog skeleton (2 damage)
             ... on level 4 of the Dungeon.
             The game lasted 00:03:46 (3860 turns).

pkoi the Ruffian (Draconian Monk)                   Turns: 3860, Time: 00:03:46

Health: 0/45       AC:  5    Str: 15    XL:     5   Next: 92%
Magic:  5/5        EV: 13    Int: 10    God:
Gold:   113        SH:  0    Dex: 13    Spells: 4/4 levels left

rFire    . . .     SeeInvis .     - Unarmed
rCold    . . .     Faith    .   (no shield)
rNeg     . . .     Spirit   .   (armour unavailable)
rPois    .         Reflect  .   (helmet restricted)
rElec    .         Harm     .   (no cloak)
rCorr    .                      (no gloves)
MR       .....                  (no boots)
Stlth    ++........             (no amulet)
HPRegen  0.15/turn              (no ring)
MPRegen  0.09/turn              (no ring)

@: no status effects
A: unfitting armour, cold-blooded, AC +5
a: no special abilities


You were on level 4 of the Dungeon.
You visited 1 branch of the dungeon, and saw 4 of its levels.

You collected 113 gold pieces.

Inventory:

Missiles
 d - 3 javelins (quivered)
 e - 4 boomerangs
Scrolls
 b - 2 scrolls of remove curse
 g - 4 scrolls of magic mapping
 l - 3 scrolls of identify
 m - a scroll of teleportation
Potions
 a - 2 potions of lignification {unknown}
 c - a potion of mutation {unknown}
 f - 3 potions of curing {unknown}
 h - a potion of ambrosia
 i - 2 potions of haste {unknown}
 j - a potion of might {unknown}
 k - a potion of brilliance {unknown}


   Skills:
 - Level 3.2 Fighting
 - Level 2.6 Dodging
 - Level 1.7 Stealth
 + Level 6.7 Unarmed Combat


You had 4 spell levels left.
You didn't know any spells.
Your spell library was empty.

Dungeon Overview and Level Annotations

Branches:
Dungeon (4/15)
 Temple: D:4-7

Altars:
Yredelemnul


Innate Abilities, Weirdness & Mutations

Your plain brown scales are hard. (AC +5)
You cannot fit into any form of body armour.
You are cold-blooded and may be slowed by cold attacks.


Message History

The phantom is almost destroyed.
You barely miss the phantom.
The phantom is almost destroyed.
The phantom hits you.
* * * LOW HITPOINT WARNING * * *
You hit the phantom.
You destroy the phantom!
The bullfrog skeleton misses you.
You hit the bullfrog skeleton.
You tail-slap the bullfrog skeleton, but do no damage.
The bullfrog skeleton is severely damaged.
The bullfrog skeleton barely misses you.
You hit the bullfrog skeleton.
The bullfrog skeleton is almost destroyed.
The bullfrog skeleton barely misses you.
The bullfrog skeleton closely misses you.
An orc comes into view. It is wielding a +0 mace.
The bullfrog skeleton hits you but does no damage.
The bullfrog skeleton hits you.
You die...

#...# ...
.##...####...
............
#..........
#......... #.#....###
#.#..###@#
######......Z.#
#...........###
####...........#####
#....................
#.......#############
#..!....## #........#
#........#


You could see a bullfrog skeleton.

Vanquished Creatures
  A phantom (D:4)
  A worker ant (D:4)
  Robin (D:2)
  3 adders
  A gnoll (D:1)
  A worm (D:1)
  A dart slug (D:1)
  9 orcs
  2 ball pythons (D:1)
  9 bats
  4 giant cockroaches (D:1)
  19 goblins
  12 hobgoblins
  2 jackals (D:1)
  A quokka (D:2)
  2 frilled lizards (D:1)
  A jackal zombie (D:2)
  4 kobolds
  7 rats
81 creatures vanquished.

Notes
Turn   | Place    | Note
-------+----------+-------------------------------------------
     0 | D:1      | pkoi the Draconian Monk began the quest for the Orb.
     0 | D:1      | Reached XP level 1. HP: 19/19 MP: 1/1
   133 | D:1      | Reached XP level 2. HP: 23/26 MP: 2/2
   315 | D:1      | Reached skill level 4 in Unarmed Combat
   497 | D:1      | Reached XP level 3. HP: 31/31 MP: 3/3
  1472 | D:1      | Reached skill level 5 in Unarmed Combat
  1472 | D:1      | Reached XP level 4. HP: 38/38 MP: 4/4
  1500 | D:2      | Noticed Robin
  1853 | D:2      | Killed Robin
  2194 | D:2      | Found a runed translucent door.
  2194 | D:2      | Noticed a human
  2201 | D:2      | Found a basalt altar of Yredelemnul.
  3107 | D:3      | Reached XP level 5. HP: 45/45 MP: 5/5
  3723 | D:4      | Noticed a phantom
  3730 | D:4      | Reached skill level 6 in Unarmed Combat
  3850 | D:4      | HP: 1/45 [phantom (6)]
  3851 | D:4      | Killed a phantom
  3860 | D:4      | Slain by a bullfrog skeleton

Illustrated notes

Levels and vault maps discovered:
D:1:      nzn_arrival_depleted_hourglass, layout_basic
D:2:      layout_rooms, dk_yredelemnul_ordeal, uniq_robin
D:3:      layout_basic, serial_forest, infiniplex_forest_clump_diagonal,
          infiniplex_forest_lined_3, infiniplex_forest_clump_tiny,
          infiniplex_forest_clump_small, infiniplex_forest_clump_small,
          infiniplex_forest_side_room, infiniplex_forest_join
D:4:      layout_basic

Skill      XL: |  1  2  3  4  5 |
---------------+----------------+-----
Unarmed Combat | 4 5 6 |  6.7
Fighting       | |  3.2
Dodging        | |  2.6
Stealth        | |  1.7

Action                   |  1- 3 |  4- 6 || total
-------------------------+-------+-------++-------
Melee: Unarmed           |   167 |   150 ||   317
       Tailslap          |    22 |    24 ||    46
       Punch             |     2 |     6 ||     8
  Use: Scroll            |     4 |     2 ||     6
 Stab: Sleeping          |     2 |       ||     2
Armor: Skin              |    40 |    44 ||    84
Dodge: Dodged            |   110 |   125 ||   235

Table legend: (Time is in decaauts)
 A = Elapsed time spent in this place.
 B = Non-inter-level travel time spent in this place.
 C = Inter-level travel time spent in this place.
 D = Time resting spent in this place.
 E = Time spent auto-exploring this place.
 F = Levels seen in this place.
 G = Mean time per level.
                   A        B        C        D        E       F      G
               +--------+--------+--------+--------+--------+-----+--------+
         Total |   3837 |   3645 |    192 |    656 |   2328 |   4 |  959.2 |
       Dungeon |   3837 |   3645 |    192 |    656 |   2328 |   4 |  959.2 |
               +--------+--------+--------+--------+--------+-----+--------+

Top non-repeatable levels by time:
     D:1: 1693 daAuts
     D:3: 1366 daAuts
     D:2: 638 daAuts
     D:4: 139 daAuts
